 Dungeon Crawl Stone Soup version 0.19-a0-680-gdf79c29 (webtiles) character file.

2284 Kenran the Conjurer (level 9, -2/55 HPs)
             Began as a Gargoyle Fire Elementalist on June 17, 2016.
             Was a Follower of Sif Muna.
             Slain by a troll skeleton (5 damage)
             ... on level 7 of the Dungeon.
             The game lasted 00:32:42 (7851 turns).

Kenran the Conjurer (Gargoyle Fire Elementalist)    Turns: 7851, Time: 00:32:43

Health: -2/55      AC:  9    Str: 12    XL:     9   Next: 39%
Magic:  8/16       EV: 13    Int: 22    God:    Sif Muna [*.....]
Gold:   393        SH:  5    Dex: 10    Spells: 4 memorised, 8 levels left

rFire  . . .     SeeInvis .     u - +2 whip (venom)
rCold  . . .     Gourm    .     a - +1 robe
rNeg   + . .     Faith    .     o - +0 buckler
rPois  ∞         Spirit   .     (no helmet)
rElec  +         Dismiss  .     (no cloak)
rCorr  +         Reflect  .     (no gloves)
SustAt .         Harm     .     (no boots)
MR     .....                    d - amulet of regeneration
Stlth  ++........               x - ring of resist corrosion
                                t - +3 ring of intelligence

@: not resistant to hostile enchantments, unstealthy
A: rugged brown scales 1, negative energy resistance 1, electricity resistance,
unbreathing, petrification resistance, rot immunity, AC +5
a: Channel Energy, Renounce Religion


You were on level 7 of the Dungeon.
You worshipped Sif Muna.
Sif Muna was aware of your devotion.
You were not hungry.

You visited 2 branches of the dungeon, and saw 8 of its levels.

You collected 421 gold pieces.
You spent 28 gold pieces at shops.

Inventory:

Hand Weapons
 u - a +2 whip of venom (weapon)
Armour
 a - a +1 robe (worn)
 o - a +0 buckler (worn)
Jewellery
 d - an amulet of regeneration (around neck)
 j - an uncursed ring of positive energy
 t - a +3 ring of intelligence (left hand)
 x - a ring of resist corrosion (right hand)
Wands
 i - a wand of iceblast (3/15)
 B - a wand of digging (16/24)
 H - a wand of paralysis (11/24)
Scrolls
 e - a scroll of recharging
 f - 7 scrolls of teleportation {@r4}
 g - 8 scrolls of remove curse {@r2}
 h - a scroll of enchant armour
 q - 6 scrolls of identify {@r1}
 s - a scroll of noise {!r}
 y - 2 scrolls of blinking
 z - a scroll of enchant weapon {unknown}
 F - a scroll of immolation {!r}
Potions
 k - a potion of curing {unknown}
 l - a potion of agility {unknown}
 m - 4 potions of brilliance
 n - 2 potions of might {unknown}
 p - a potion of berserk rage {unknown}
 r - a potion of resistance {unknown}
 v - a potion of cancellation {unknown}
 w - 3 potions of lignification {!q}
 D - 2 potions of magic
Books
 b - a book of Flames

   Spells                             Type                      Level
   a - Flame Tongue                   Conjuration/Fire             1
   b - Throw Flame                    Conjuration/Fire             2
   c - Conjure Flame                  Conjuration/Fire             3
   d - Inner Flame                    Hexes/Fire                   3
   e - Sticky Flame                   Conjuration/Fire             4
   f - Fireball                       Conjuration/Fire             5
Comestibles
 c - 12 bread rations {@e1}
 A - 2 meat rations {@e1}
 G - 8 fruits {@e2}


   Skills:
 - Level 5.3 Fighting
 - Level 3.1 Dodging
 - Level 2.1 Stealth
 - Level 5.0 Shields
 - Level 5.2 Spellcasting
 + Level 6.4 Conjurations
 - Level 6.0 Fire Magic


You had 8 spell levels left.
You knew the following spells:

 Your Spells              Type           Power        Failure   Level  Hunger
a - Flame Tongue          Conj/Fire      ####.        1%          1    None
b - Throw Flame           Conj/Fire      ####..       1%          2    None
c - Conjure Flame         Conj/Fire      ####....     1%          3    ##.....
d - Sticky Flame          Conj/Fire      ####....     10%         4    ####...


Dungeon Overview and Level Annotations

Branches:
Dungeon (7/15)             Temple (1/1) D:4

Altars:
Ashenzari
Cheibriados
Dithmenos
Elyvilon
Fedhas
Gozag
Hepliaklqana
Kikubaaqudgha
Makhleb
Nemelex Xobeh
Okawaru
Pakellas
Qazlal
Ru
Sif Muna
Trog
Vehumet
Xom
Zin
The Shining One

Shops:
D:7 ?

Annotations:
D:6 ldierk's ghost, novice HOFi


Innate Abilities, Weirdness & Mutations

You are resistant to torment.
Your stone body is resilient. (AC +5)
You are immune to poison.
You resist negative energy. (rN+)
You are resistant to electric shocks. (rElec)
You can survive without breathing.
You are immune to petrification.
You are immune to rotting.
You are partially covered in rugged brown scales. (AC +1, +3% HP)


Message History

The flame tongue hits the troll skeleton.
Casting: Flame Tongue
Confirm with . or Enter, or press ? or * to list all spells.
Aiming: Flame Tongue
Press: ? - help, Shift-Dir - straight line, f/p - troll skeleton
Aim: a troll skeleton The flame tongue hits the troll skeleton.
The troll skeleton bites you. You block the troll skeleton's attack.
The troll skeleton closely misses you.
You hit the troll skeleton. The troll skeleton bites you!
You block the troll skeleton's attack. The troll skeleton claws you.
You hit the troll skeleton. The troll skeleton bites you!
The troll skeleton completely misses you.
The troll skeleton misses you.
You barely miss the troll skeleton. The troll skeleton bites you!
* * * LOW HITPOINT WARNING * * *
The troll skeleton claws you!
* * * LOW HITPOINT WARNING * * *
The troll skeleton claws you.
You die...

#/.......[........#...'
#.........).......#.#.#
###########.......#####
#..(....# #.......####
############.......((.#
#..................((.#
#.............########≈≈
#...▒8▒@▒8▒...# ≈§ #. ▒
▒Z▒▒▒...# ≈ ▒▒▒.▒▒▒...#
≈ ▒.'.'.▒.....
▒▒▒.▒▒▒...### +!+ ▒(..#
▒.▒ +.+ ▒.▒


You could see a troll skeleton.

Vanquished Creatures
  The ghost of Mulkerokala the Chopper, a novice NaFi of Uskayaw (D:3)
  A spriggan (D:7)
  An orc warrior (D:7)
  An ice beast (D:7)
  2 phantoms
  A sky beast (D:6)
  4 ogres
  2 scorpions (D:4)
  A wight (D:7)
  A howler monkey (D:5)
  An oklob sapling (D:4)
  An electric eel (D:7)
  3 crimson imps
  2 jellies
  A centaur skeleton (D:7)
  2 orc priests
  2 hounds (D:4)
  2 orc wizards (D:7)
  An iguana (D:4)
  Terence (D:3)
  4 worker ants
  2 hound skeletons
  8 adders
  A shadow imp (D:6)
  2 oozes
  An adder zombie (D:3)
  3 worms
  2 dart slugs (D:1)
  4 giant geckos
  13 orcs
  3 ball pythons
  8 giant cockroaches
  7 hobgoblins
  7 jackals
  3 quokkas
  11 bats
  A giant gecko skeleton (D:5)
  6 giant newts
  10 goblins
  A jackal skeleton (D:4)
  5 kobolds
  A quokka skeleton (D:3)
  11 rats
  A plant (D:4)
146 creatures vanquished.

Notes
Turn   | Place    | Note
--------------------------------------------------------------
     0 | D:1      | Kenran the Gargoyle Fire Elementalist began the quest for the Orb.
     0 | D:1      | Reached XP level 1. HP: 10/10 MP: 3/3
   213 | D:1      | Reached XP level 2. HP: 12/15 MP: 5/5
   823 | D:1      | Reached XP level 3. HP: 18/20 MP: 2/6
  1008 | D:1      | Reached skill level 1 in Fighting
  1609 | D:2      | Reached XP level 4. HP: 26/26 MP: 1/7
  2077 | D:2      | Found an oddly glowing altar of Pakellas.
  2078 | D:2      | Noticed a rakshasa
  2468 | D:2      | Found a sacrificial altar of Ru.
  2531 | D:2      | Learned a level 2 spell: Throw Flame
  2535 | D:2      | Learned a level 3 spell: Conjure Flame
  2629 | D:3      | Noticed Mulkerokala's ghost (novice NaFi)
  2689 | D:3      | Killed Mulkerokala's ghost
  2689 | D:3      | Reached skill level 5 in Spellcasting
  2689 | D:3      | Reached XP level 5. HP: 14/30 MP: 0/12
  2689 | D:3      | Reached XP level 6. HP: 17/35 MP: 0/13
  2821 | D:3      | Reached XP level 7. HP: 40/40 MP: 14/14
  2856 | D:3      | Noticed Terence
  3269 | D:3      | You fall through a shaft for 2 floors!
  3269 | D:5      | Entered Level 5 of the Dungeon
  3471 | D:4      | Found a bloodstained altar of Trog.
  3981 | D:4      | Found a staircase to the Ecumenical Temple.
  4048 | D:4      | Reached skill level 5 in Fire Magic
  4247 | Temple   | Entered the Ecumenical Temple
  4341 | Temple   | Became a worshipper of Sif Muna the Loreminder
  4491 | D:4      | Reached XP level 8. HP: 23/44 MP: 4/15
  4505 | D:4      | Reached skill level 1 in Shields
  4745 | D:4      | Found a snail-covered altar of Cheibriados.
  4978 | D:4      | Learned a level 4 spell: Sticky Flame
  5539 | D:3      | Killed Terence
  5815 | D:5      | Reached skill level 5 in Conjurations
  6227 | D:6      | Gained mutation: You are partially covered in rugged brown scales. (AC +1, +3% HP) [potion of beneficial mutation]
  6230 | D:6      | Found a radiant altar of Vehumet.
  6323 | D:6      | Noticed ldierk's ghost (novice HOFi)
  6571 | D:6      | Reached * piety under Sif Muna
  6610 | D:6      | Found a hazy altar of Hepliaklqana.
  6611 | D:6      | Found a shimmering altar of Xom.
  6612 | D:6      | Noticed a spectral ugly thing
  6732 | D:6      | Reached skill level 5 in Shields
  6969 | D:7      | Reached XP level 9. HP: 49/49 MP: 8/16
  7459 | D:7      | Found Homunueg's Magic Scroll Shop.
  7478 | D:7      | Bought a scroll of identify for 28 gold pieces
  7605 | D:7      | Found a blossoming altar of Fedhas.
  7605 | D:7      | Found an ancient bone altar of Kikubaaqudgha.
  7653 | D:7      | Reached skill level 5 in Fighting
  7851 | D:7      | Slain by a troll skeleton

Vault maps used:
D:1:      lightli_arrival_quake, serial_bayou_pond_b, minmay_misc_feat_pillars
D:2:      lemuel_doored_altar, gammafunk_pakellas_cloud_experiment
D:3:      serial_undead, serial_undead_b, serial_undead_e, serial_undead_a,
          serial_undead_b, serial_undead_b, serial_undead_e, uniq_terence
D:4:      kennysheep_mini_moat, kennysheep_little_box,
          minmay_temple_entry_oklob, hex_tiny
D:5:      first_bread
D:6:      regret_index_temple_of_mockery, nicolae_overflow_hidden_temple,
          minmay_hedge_maze
D:7:      grunt_temple_overflow_growth_and_decay,
          lemuel_mausoleum_altar_yredelemnul, serial_shops, shop, fountainhead,
          the_bakery, kennysheep_small_spiral, centaur_isle
Temple:   triangle_lava_temple_10

Skill      XL: |  1  2  3  4  5  6  7  8  9 |
---------------+----------------------------+-----
Fire Magic     | 4 5 6 |  6.0
Fighting       | 2 5 |  5.3
Conjurations   | 3 4 6 |  6.4
Spellcasting   | 5 |  5.2
Dodging        | 3 |  3.1
Shields        | 5 |  5.0
Stealth        | |  2.1

Action                   |  1- 3 |  4- 6 |  7- 9 || total
-------------------------+-------+-------+-------++-------
Melee: Dagger            |    45 |       |       ||    45
       Unarmed           |     1 |       |       ||     1
       Whip              |       |    45 |    74 ||   119
       Long sword        |       |     2 |       ||     2
 Cast: Flame Tongue      |    63 |    32 |   220 ||   315
       Throw Flame       |       |     3 |    39 ||    42
       Conjure Flame     |       |       |     7 ||     7
       Sticky Flame      |       |       |     5 ||     5
  Use: Scroll            |       |     8 |     8 ||    16
       Potion            |       |       |     1 ||     1
 Stab: Sleeping          |       |     2 |       ||     2
  Eat: Chunk             |     3 |     2 |    11 ||    16
       Bread ration      |       |     1 |       ||     1
       Royal jelly       |       |       |     1 ||     1
       Pizza             |       |       |     1 ||     1
Armor: Robe              |    45 |    21 |    52 ||   118
Dodge: Dodged            |    78 |    26 |   110 ||   214
Block: Buckler           |       |       |    25 ||    25
